MLB
CHICAGO CUBS @ PITTSBURGH PIRATES
09/23/2020
 
TOP OF THE 1ST
Chicago Cubs batting - Pitching for Pittsburgh Pirates : RHP Jonathan Loaisiga
Pitching: RHP Jonathan Loaisiga
Batting: RHB Michael A. Taylor 0-0: Ball
1-0: Ball
2-0: Ball
3-0: Called Strike
3-1: Swinging Strike
3-2: Strikes out swinging
Batting: RHB Lourdes Gurriel Jr. 0-0: Called Strike
0-1: Ball
1-1: Ball
2-1: Ball
3-1: Swinging Strike
3-2: Strikes out swinging
Batting: LHB Cody Bellinger 0-0: Called Strike
0-1: Ground out 4-3 (Groundball, 4, EV 91.3 MPH)
Top of the 1st over - 0 runs, 0 hits, 0 errors, 0 left on base; Chicago 0 - Pittsburgh 0
BOTTOM OF THE 1ST
Pittsburgh Pirates batting - Pitching for Chicago Cubs : LHP Cody Reed
Pitching: LHP Cody Reed
Batting: LHB Jason Kipnis 0-0: Ball
1-0: Swinging Strike
1-1: Called Strike
1-2: Ball
2-2: Ball
3-2: Base on Balls
Batting: RHB Byron Buxton 0-0: Ball
1-0: Swinging Strike
1-1: Called Strike
1-2: Foul Ball, location: 2F
1-2: Strikes out swinging
Batting: LHB Didi Gregorius 0-0: Ball
Jason Kipnis steals 2nd base
1-0: Foul Ball, location: 2F
1-1: Called Strike
1-2: Ball
2-2: Ball
3-2: Foul Ball, location: 2F
3-2: Strikes out swinging
Batting: RHB Franmil Reyes 0-0: Foul Ball, location: 2F
0-1: Ball
1-1: Called Strike
1-2: Ball
2-2: SINGLE (Groundball, 6MD, EV 95.0 MPH)
Jason Kipnis to third
Runner from 3rd tries for Home, SAFE, throw by CF to home
Batting: LHB Eric Thames 0-0: Ball
1-0: Ball
2-0: Ball
3-0: Called Strike
3-1: Swinging Strike
3-2: Foul Ball, location: 2F
3-2: Ground out 4-3 (Groundball, 3, EV 85.6 MPH)
Bottom of the 1st over - 1 run, 1 hit, 0 errors, 1 left on base; Chicago 0 - Pittsburgh 1
TOP OF THE 2ND
Chicago Cubs batting - Pitching for Pittsburgh Pirates : RHP Jonathan Loaisiga
Batting: SHB Yoan Moncada 0-0: Ball
1-0: SINGLE (Line Drive, 7S, EV 104.4 MPH)
Batting: RHB Paul DeJong 0-0: Called Strike
0-1: Ball
1-1: Ball
2-1: Called Strike
2-2: Ball
3-2: Base on Balls
Yoan Moncada to second
Batting: LHB Brandon Lowe 0-0: Ball
1-0: Foul Ball, location: 2F
1-1: SINGLE (Groundball, 4D, EV 101.9 MPH)
Yoan Moncada to third
Paul DeJong to second
Runner from 3rd tries for Home, SAFE, throw by CF to home
Batting: RHB Hunter Dozier 0-0: Ball
1-0: Called Strike
1-1: Foul Ball, location: 2F
1-2: Ball
2-2: Ball
3-2: Foul Ball, location: 2F
3-2: Strikes out swinging
Batting: RHB Willson Contreras 0-0: Ball
1-0: Foul Ball, location: 2F
1-1: Ball
2-1: Swinging Strike
2-2: Strikes out swinging
Batting: LHB Cody Reed 0-0: Fielders Choice at 2nd, 6-4 (Groundball, 6, EV 90.0 MPH)
Top of the 2nd over - 1 run, 2 hits, 0 errors, 2 left on base; Chicago 1 - Pittsburgh 1
BOTTOM OF THE 2ND
Pittsburgh Pirates batting - Pitching for Chicago Cubs : LHP Cody Reed
Batting: RHB Yasmany Tomas 0-0: Ball
1-0: Ball
2-0: Ground out 6-3 (Groundball, 6, EV 77.5 MPH)
Batting: RHB Renato Nunez 0-0: Ball
1-0: Ball
2-0: Swinging Strike
2-1: Foul Ball, location: 2F
2-2: Foul Ball, location: 2F
2-2: Strikes out swinging
Batting: LHB Jason Castro 0-0: Fly out, F6 (Popup, 6D, EV 48.8 MPH)
Bottom of the 2nd over - 0 runs, 0 hits, 0 errors, 0 left on base; Chicago 1 - Pittsburgh 1
TOP OF THE 3RD
Chicago Cubs batting - Pitching for Pittsburgh Pirates : RHP Jonathan Loaisiga
Batting: RHB Michael A. Taylor 0-0: Called Strike
0-1: Fly out, F9 (Line Drive, 9, EV 95.6 MPH)
Batting: RHB Lourdes Gurriel Jr. 0-0: Called Strike
0-1: Ball
1-1: Foul Ball, location: 2F
1-2: Foul Ball, location: 2F
1-2: SINGLE (Groundball, 6M, EV 98.8 MPH) (infield hit)
Batting: LHB Cody Bellinger 0-0: Ball
1-0: Foul Ball, location: 2F
1-1: SINGLE (Line Drive, 7LS, EV 110.6 MPH)
Lourdes Gurriel Jr. to second
Batting: SHB Yoan Moncada 0-0: Ball
1-0: Fielders Choice at 2nd, 4-6 (Groundball, 34, EV 83.1 MPH)
Lourdes Gurriel Jr. to third
Batting: RHB Paul DeJong 0-0: Foul Ball, location: 2F
0-1: Ball
1-1: Foul Ball, location: 2F
1-2: Hit by Pitch
Yoan Moncada to second
Batting: LHB Brandon Lowe 0-0: Swinging Strike
0-1: Swinging Strike
0-2: Strikes out looking
Top of the 3rd over - 0 runs, 2 hits, 0 errors, 3 left on base; Chicago 1 - Pittsburgh 1
BOTTOM OF THE 3RD
Pittsburgh Pirates batting - Pitching for Chicago Cubs : LHP Cody Reed
Batting: RHB Jonathan Loaisiga 0-0: Ball
1-0: Fly out, F8 (Flyball, 8RD, EV 101.9 MPH)
Batting: LHB Jason Kipnis 0-0: Called Strike
0-1: Foul Ball, location: 2F
0-2: Ball
1-2: Fly out, F6 (Flyball, 56D, EV 90.0 MPH)
Batting: RHB Byron Buxton 0-0: Called Strike
0-1: Foul Ball, location: 2F
0-2: Foul Ball, location: 2F
0-2: Ball
1-2: Strikes out swinging
Bottom of the 3rd over - 0 runs, 0 hits, 0 errors, 0 left on base; Chicago 1 - Pittsburgh 1
TOP OF THE 4TH
Chicago Cubs batting - Pitching for Pittsburgh Pirates : RHP Jonathan Loaisiga
Batting: RHB Hunter Dozier 0-0: Called Strike
0-1: Foul Ball, location: 2F
0-2: Ball
1-2: Strikes out looking
Batting: RHB Willson Contreras 0-0: Ball
1-0: Ball
2-0: Called Strike
2-1: Ground out 1-3 (Groundball, 15, EV 70.6 MPH)
Batting: LHB Cody Reed 0-0: Ball
1-0: Ground out 6-3 (Groundball, 6, EV 93.1 MPH)
Top of the 4th over - 0 runs, 0 hits, 0 errors, 0 left on base; Chicago 1 - Pittsburgh 1
BOTTOM OF THE 4TH
Pittsburgh Pirates batting - Pitching for Chicago Cubs : LHP Cody Reed
Batting: LHB Didi Gregorius 0-0: Called Strike
0-1: Ball
1-1: Ball
2-1: Swinging Strike
2-2: Strikes out looking
Batting: RHB Franmil Reyes 0-0: Hit by Pitch
Batting: LHB Eric Thames 0-0: Ball
1-0: Swinging Strike
1-1: Ball
2-1: Foul Ball, location: 2F
Balk!
Franmil Reyes to second
2-2: Ball
3-2: Ground out 5-3 (Groundball, 56S, EV 68.8 MPH)
Franmil Reyes to third
Batting: RHB Yasmany Tomas 0-0: Foul Ball, location: 2F
0-1: Ball
1-1: SINGLE (Line Drive, 8LS, EV 105.6 MPH)
Franmil Reyes scores
Batting: RHB Renato Nunez 0-0: Ball
1-0: Called Strike
1-1: Ball
2-1: Ball
3-1: Fly out, F8 (Flyball, 8LS, EV 81.3 MPH)
Bottom of the 4th over - 1 run, 1 hit, 0 errors, 1 left on base; Chicago 1 - Pittsburgh 2
TOP OF THE 5TH
Chicago Cubs batting - Pitching for Pittsburgh Pirates : RHP Jonathan Loaisiga
Batting: RHB Michael A. Taylor 0-0: Ball
1-0: Called Strike
1-1: Ball
2-1: Called Strike
2-2: Ground out 6-3 (Groundball, 6, EV 108.8 MPH)
Batting: RHB Lourdes Gurriel Jr. 0-0: Ball
1-0: Foul Ball, location: 2F
1-1: Foul Ball, location: 2F
1-2: Foul Ball, location: 2F
1-2: Ball
2-2: Strikes out looking
Batting: LHB Cody Bellinger 0-0: Called Strike
0-1: Ball
1-1: Called Strike
1-2: Strikes out swinging
Top of the 5th over - 0 runs, 0 hits, 0 errors, 0 left on base; Chicago 1 - Pittsburgh 2
BOTTOM OF THE 5TH
Pittsburgh Pirates batting - Pitching for Chicago Cubs : LHP Cody Reed
Batting: LHB Jason Castro 0-0: Called Strike
0-1: Ball
1-1: Swinging Strike
1-2: Strikes out swinging, 2-3 out at first.
Pinch Hitting: RHB Bobby Dalbec 0-0: Ball
1-0: Called Strike
1-1: Ball
2-1: Ball
3-1: Swinging Strike
3-2: Strikes out looking
Batting: LHB Jason Kipnis 0-0: Foul Ball, location: 2F
0-1: Ball
1-1: Ball
2-1: Ball
3-1: Base on Balls
Batting: RHB Byron Buxton 0-0: Ball
Wild Pitch!
Jason Kipnis to second
1-0: Called Strike
1-1: Called Strike
1-2: Ball
2-2: Ball
3-2: Strikes out looking
Bottom of the 5th over - 0 runs, 0 hits, 0 errors, 1 left on base; Chicago 1 - Pittsburgh 2
TOP OF THE 6TH
Chicago Cubs batting - Pitching for Pittsburgh Pirates : RHP Jonathan Loaisiga
Pitching: RHP Trevor May
Batting: SHB Yoan Moncada 0-0: Fly out, F8 (Line Drive, 8RM, EV 105.0 MPH)
Batting: RHB Paul DeJong 0-0: Ball
1-0: Ball
2-0: SINGLE (Line Drive, 6D, EV 107.5 MPH)
Batting: LHB Brandon Lowe 0-0: Ball
1-0: Ball
2-0: Fly out, F6 (Popup, 4MD, EV 68.1 MPH)
Batting: RHB Hunter Dozier 0-0: Ball
1-0: Foul Ball, location: 2F
1-1: Swinging Strike
1-2: Strikes out swinging
Top of the 6th over - 0 runs, 1 hit, 0 errors, 1 left on base; Chicago 1 - Pittsburgh 2
BOTTOM OF THE 6TH
Pittsburgh Pirates batting - Pitching for Chicago Cubs : LHP Cody Reed
Pitching: RHP James Bourque
Now at 1B: Ibandel Isabel
Batting: LHB Didi Gregorius 0-0: Foul Ball, location: 2F
0-1: DOUBLE (Groundball, 5L, EV 104.4 MPH)
Batting: RHB Franmil Reyes 0-0: Called Strike
0-1: Foul Ball, location: 2F
0-2: Foul Ball, location: 2F
0-2: Ball
1-2: Ball
2-2: Foul Ball, location: 2F
2-2: Foul Ball, location: 2F
2-2: Foul Ball, location: 2F
2-2: SINGLE (Line Drive, 6D, EV 106.9 MPH)
Didi Gregorius to third
Runner from 3rd tries for Home, SAFE, throw by CF to home
Batting: LHB Eric Thames 0-0: Ball
Franmil Reyes is caught stealing 2nd base 2-6
1-0: Ball
2-0: Ball
3-0: Called Strike
3-1: Base on Balls
Batting: RHB Yasmany Tomas 0-0: Called Strike
Eric Thames steals 2nd base
0-1: Ball
1-1: Foul Ball, location: 2F
1-2: Ball
2-2: Foul Ball, location: 2F
2-2: Ground out 6-3 (Groundball, 6, EV 84.4 MPH)
Batting: RHB Renato Nunez 0-0: Foul Ball, location: 2F
0-1: Ball
1-1: Foul Ball, location: 2F
1-2: Strikes out swinging
Bottom of the 6th over - 1 run, 2 hits, 0 errors, 1 left on base; Chicago 1 - Pittsburgh 3
TOP OF THE 7TH
Chicago Cubs batting - Pitching for Pittsburgh Pirates : RHP Trevor May
Pitching: RHP Ryan Pressly
Batting: RHB Willson Contreras 0-0: Ball
1-0: Called Strike
1-1: Ball
2-1: Ball
3-1: Called Strike
3-2: Fly out, F7 (Flyball, 7S, EV 88.8 MPH)
Batting: RHB Ibandel Isabel 0-0: Ball
1-0: SINGLE (Line Drive, 34, EV 94.4 MPH)
Batting: RHB Michael A. Taylor 0-0: Called Strike
0-1: Swinging Strike
0-2: Ball
1-2: Strikes out swinging
Batting: RHB Lourdes Gurriel Jr. 0-0: Called Strike
Ibandel Isabel steals 2nd base
0-1: Swinging Strike
0-2: Strikes out swinging
Top of the 7th over - 0 runs, 1 hit, 0 errors, 1 left on base; Chicago 1 - Pittsburgh 3
BOTTOM OF THE 7TH
Pittsburgh Pirates batting - Pitching for Chicago Cubs : RHP James Bourque
Pitching: RHP Logan Cozart
Batting: LHB Jason Castro 0-0: Foul Ball, location: 2F
0-1: Ball
1-1: Fly out, F7 (Flyball, 7, EV 93.1 MPH)
Pinch Hitting: RHB Ryan Zimmerman 0-0: Ball
1-0: Called Strike
1-1: Foul Ball, location: 2F
1-2: Ball
2-2: Ground out 5-3 (Groundball, 5S, EV 88.8 MPH)
Batting: LHB Jason Kipnis 0-0: Ball
1-0: SOLO HOME RUN (Flyball, 7D, EV 101.3 MPH), Distance : 380 ft
Batting: RHB Byron Buxton 0-0: Foul Ball, location: 2F
0-1: Ball
1-1: Swinging Strike
1-2: Strikes out swinging
Bottom of the 7th over - 1 run, 1 hit, 0 errors, 0 left on base; Chicago 1 - Pittsburgh 4
TOP OF THE 8TH
Chicago Cubs batting - Pitching for Pittsburgh Pirates : RHP Ryan Pressly
Pitching: RHP Fernando Romero
Batting: LHB Cody Bellinger 0-0: Ball
1-0: Foul Ball, location: 2F
1-1: Ball
2-1: Ground out 6-3 (Groundball, P, EV 86.9 MPH)
Batting: SHB Yoan Moncada 0-0: Called Strike
0-1: Ball
1-1: Swinging Strike
1-2: Strikes out looking
Batting: RHB Paul DeJong 0-0: Called Strike
0-1: Foul Ball, location: 2F
0-2: Foul Ball, location: 2F
0-2: Ball
1-2: Strikes out swinging
Top of the 8th over - 0 runs, 0 hits, 0 errors, 0 left on base; Chicago 1 - Pittsburgh 4
BOTTOM OF THE 8TH
Pittsburgh Pirates batting - Pitching for Chicago Cubs : RHP Logan Cozart
Batting: LHB Didi Gregorius 0-0: Ball
1-0: Fly out, F4 (Line Drive, 4, EV 71.9 MPH)
Batting: RHB Franmil Reyes 0-0: Swinging Strike
0-1: Foul Ball, location: 2F
0-2: Strikes out swinging
Batting: LHB Eric Thames 0-0: Ball
1-0: Swinging Strike
1-1: Swinging Strike
1-2: Foul Ball, location: 2F
1-2: Ball
2-2: Ball
3-2: Foul Ball, location: 2F
3-2: Foul Ball, location: 2F
3-2: Ground out 6-3 (Groundball, 4, EV 103.8 MPH)
Bottom of the 8th over - 0 runs, 0 hits, 0 errors, 0 left on base; Chicago 1 - Pittsburgh 4
TOP OF THE 9TH
Chicago Cubs batting - Pitching for Pittsburgh Pirates : RHP Fernando Romero
Pitching: LHP Taylor Rogers
Batting: LHB Brandon Lowe 0-0: Ball
1-0: Swinging Strike
1-1: Ball
2-1: Called Strike
2-2: Ball
3-2: Foul Ball, location: 2F
3-2: Strikes out swinging
Pinch Hitting: RHB Mac Williamson 0-0: Swinging Strike
0-1: Swinging Strike
0-2: Ball
1-2: Strikes out swinging
Batting: RHB Willson Contreras 0-0: Foul Ball, location: 2F
0-1: Swinging Strike
0-2: Foul Ball, location: 2F
0-2: Strikes out swinging
Top of the 9th over - 0 runs, 0 hits, 0 errors, 0 left on base; Chicago 1 - Pittsburgh 4
Monday, November 30th, 2020 - OOTP Baseball 21.6 Build 83